Map: Infestation

Players

Sitrak

  • Race: Protoss Protoss
  • Spawn Location: 3:00

BlizZer

  • Race: Zerg Zerg
  • Spawn Location: 3:00

Hindulaatti - Winner!

  • Race: Terran Terran
  • League: Diamond
  • Spawn Location: 9:00

JohnMcClane - Winner!

  • Race: Protoss Protoss
  • League: Silver
  • Spawn Location: 9:00

VOD

Have the link to the VOD?

Description

Time

  • Played on: Jan. 13, 2016, 12:13 p.m.
  • Length: 11:02
Show
View Real Time Build Order
Export as new Build Order

Sitrak Protoss 

Build Orders:  

Get SALT Encoding   

  12  0:02  Probe (Chrono Boost)  
  13  0:13  Probe (Chrono Boost)  
  14  0:23  Pylon  
  14  0:24  Probe (Chrono Boost)  
  15  0:36  Pylon  
  15  0:41  Probe (Chrono Boost)  
  16  0:51  Probe (Chrono Boost)  
  17  0:57  Gateway  
  17  1:02  Assimilator, Probe (Chrono Boost)  
  18  1:15  Probe (Chrono Boost)  
  19  1:32  Forge  
  19  1:37  Probe (Chrono Boost)  
  20  2:01  Probe (Chrono Boost)  
  20  2:03  Zealot  
  20  2:04  Nexus  
  23  2:17  Assimilator  
  23  2:21  Pylon  
  24  2:30  Probe (Chrono Boost)  
  24  2:31  Protoss Ground Weapons Level 1  
  24  2:33  Zealot  
  26  2:51  Cybernetics Core  
  26  3:00  Pylon  
  26  3:01  Photon Cannon  
  26  3:15  Pylon  
  26  3:34  Photon Cannon  
  26  3:36  Warp Gate (Chrono Boost)  
  26  3:39  Gateway  
  26  3:42  Probe (Chrono Boost)  
  27  3:50  Probe (Chrono Boost)  
  28  3:59  Gateway  
  28  4:00  Gateway  
  28  4:07  Zealot  
  28  4:08  Probe  
  31  4:19  Probe  
  31  4:21  Pylon  
  32  4:37  Probe  
  33  4:41  Assimilator  
  33  4:51  Stargate  
  33  4:52  Probe  
  34  5:02  Probe  
  35  5:13  Probe  
  35  5:16  Probe  
  37  5:29  Probe  
  38  5:41  Probe  
  39  5:53  Probe  
  39  5:54  Stalker x4  
  48  6:20  Twilight Council  
  48  6:24  Stalker x4  
  56  6:51  Void Ray  
  60  7:15  Stalker  
  60  7:16  Stalker x3  
  60  7:19  Protoss Ground Weapons Level 2  
  68  7:34  Void Ray  
  62  7:45  Stalker  
  62  7:46  Stalker x3  
  64  8:16  Void Ray  
  68  8:36  Pylon  
  64  8:50  Stalker x3  
  64  8:51  Stalker  
  41  9:30  Stalker x4  
  35  9:47  Probe  
  34  9:58  Probe  
  31  10:05  Gateway  
  23  10:08  Probe, Gateway  
  24  10:14  Gateway  
  24  10:17  Gateway  
  24  10:19  Gateway, Probe  
  15  10:29  Probe  
Show
View Real Time Build Order
Export as new Build Order

BlizZer Zerg 

Build Orders: Hatch First 

Get SALT Encoding   

  12  0:12  Drone  
  12  0:13  Drone  
  14  0:17  Overlord  
  14  0:31  Extractor  
  14  0:33  Drone  
  14  0:46  Drone x2  
  16  0:54  Extractor  
  15  0:57  Drone  
  16  1:10  Drone  
  17  1:17  Hatchery  
  16  1:19  Drone  
  17  1:35  Drone, Spawning Pool  
  17  1:46  Drone  
  18  2:01  Drone  
  18  2:02  Drone  
  20  2:13  Drone  
  21  2:23  Lair  
  21  2:28  Metabolic Boost  
  21  2:32  Drone  
  22  2:37  Lair  
  22  2:42  Drone  
  23  2:45  Drone x3  
  26  3:07  Drone x2  
  26  3:12  Overlord  
  28  3:20  Hatchery  
  27  3:29  Queen  
  29  3:35  Queen  
  29  3:36  Extractor  
  29  3:38  Drone x3  
  33  3:51  Overlord x3  
  33  3:55  Drone  
  34  4:18  Drone x2  
  34  4:22  Drone x3  
  39  4:32  Drone  
  39  4:35  Lair  
  40  4:50  Zergling x6  
  40  4:51  Zergling x4  
  45  4:56  Zergling x2  
  45  4:57  Zergling x6  
  45  4:59  Drone  
  50  5:00  Drone  
  50  5:05  Zergling x2  
  52  5:15  Zergling x6  
  55  5:26  Spire  
  54  5:30  Overlord x2  
  54  5:40  Drone x3  
  57  5:44  Extractor  
  57  5:46  Zergling x8  
  57  5:47  Zergling x4  
  62  5:51  Zergling x4  
  62  5:52  Zergling x4  
  62  5:55  Zergling x2  
  67  6:08  Zergling x4  
  67  6:09  Zergling x4  
  69  6:26  Zergling x4  
  69  6:27  Zergling x2  
  69  6:30  Zergling x4  
  69  7:01  Drone x3  
  71  7:11  Drone x2  
  71  7:12  Drone  
  65  7:58  Mutalisk x3  
  65  8:01  Mutalisk x2  
  70  8:27  Spire  
  29  10:12  Overlord x2  
  29  10:16  Overlord  
  29  10:17  Overlord x2  
Show
View Real Time Build Order
Export as new Build Order

Hindulaatti Terran - Winner!

Build Orders: Command Center First (CC), MMM Bio 

Get SALT Encoding   

  12  0:01  SCV  
  13  0:13  SCV  
  14  0:21  Supply Depot  
  14  0:26  SCV  
  15  0:42  SCV  
  16  0:58  Command Center  
  16  1:02  SCV  
  17  1:15  SCV  
  18  1:20  Barracks  
  18  1:28  SCV  
  19  1:40  SCV  
  20  1:48  Refinery  
  20  1:49  Refinery  
  20  1:52  SCV  
  21  2:05  SCV  
  22  2:09  Marine  
  22  2:12  Orbital Command, Supply Depot  
  23  2:16  Orbital Command  
  23  2:17  Orbital Command  
  23  2:32  Barracks Reactor  
  23  2:45  SCV x2  
  23  2:49  Factory  
  25  2:53  Barracks  
  25  2:57  SCV x2  
  27  3:09  Marine x2, Barracks  
  27  3:12  SCV x2  
  31  3:15  Supply Depot  
  31  3:24  SCV x2  
  33  3:29  Marine x2  
  35  3:36  SCV x2, Factory Tech Lab  
  35  3:40  Supply Depot  
  37  3:43  Barracks Tech Lab  
  37  3:48  SCV x2  
  38  3:51  Marine x2  
  41  3:56  Supply Depot  
  41  3:57  Barracks Reactor  
  41  4:00  SCV x2  
  43  4:04  Supply Depot  
  43  4:05  Stimpack, Marine  
  43  4:09  Marine x2  
  46  4:11  Siege Tank  
  46  4:13  SCV  
  46  4:14  SCV  
  51  4:22  Starport  
  51  4:25  SCV  
  51  4:26  SCV  
  51  4:29  Supply Depot  
  53  4:35  Refinery  
  53  4:37  SCV  
  53  4:38  Marauder  
  56  4:39  Marine, SCV  
  56  4:41  Marine  
  56  4:42  Marine  
  56  4:43  Siege Tank  
  63  4:52  SCV x2  
  65  4:54  Supply Depot  
  65  4:56  Supply Depot  
  65  4:58  Marine  
  65  4:59  Marine x4  
  69  5:02  Medivac  
  72  5:08  SCV  
  72  5:09  Refinery, SCV  
  74  5:17  Siege Tank  
  77  5:25  Marine x2  
  77  5:26  Starport, Marauder, Marine x2  
  83  5:36  Starport Reactor  
  83  5:38  SCV  
  83  5:39  SCV  
  85  5:43  Marine  
  86  5:50  SCV  
  86  5:51  SCV  
  86  5:54  Marauder, Marine x3  
  86  5:55  Siege Tank  
  96  6:01  Marine  
  96  6:03  SCV x2  
  99  6:06  Starport Reactor  
  99  6:07  Starport Tech Lab, Command Center  
  99  6:11  Medivac  
  99  6:12  Marine  
  102  6:59  Supply Depot  
  102  7:00  Supply Depot x2  
  102  7:02  Medivac x3, Marine x3, SCV  
  102  7:03  Marauder, SCV, Siege Tank  
  115  7:14  SCV  
  115  7:15  Liberator, SCV  
  117  7:30  Fusion Core  
  117  7:32  Medivac  
  122  7:41  Marauder, Marine x4  
  128  7:46  Orbital Command  
  128  7:48  Barracks x2  
  128  7:50  Command Center  
  128  7:58  Liberator  
  128  7:59  Combat Shields  
  128  8:04  Medivac x2  
  135  8:26  Advanced Ballistics  
  135  8:29  Marine  
  135  8:30  Marauder, Marine x3  
  141  8:34  Supply Depot  
  141  8:36  Supply Depot x2  
  141  8:37  Supply Depot  
  141  8:44  Marine x2  
  141  8:45  Supply Depot  
  141  8:47  Marine  
  144  8:51  Marauder  
  146  9:00  SCV x2  
  146  9:01  Orbital Command, Liberator x2  
  146  9:02  Liberator  
  148  9:12  SCV  
  148  9:13  Orbital Command, SCV  
  148  9:16  Barracks Tech Lab, Barracks Reactor  
  144  9:19  Marine  
  144  9:20  Ghost Academy, Marauder, Marine x3  
  157  9:43  SCV x2  
  159  9:55  SCV  
  159  9:59  Refinery  
  160  10:00  Marauder  
  160  10:01  Marauder, Marine x6  
  160  10:02  Refinery  
  170  10:18  Marine  
  170  10:19  Marine x5  
  176  10:22  Marauder x2  
  180  10:36  Marine  
  180  10:37  Marine x5  
  180  10:42  Command Center  
  186  10:43  Marine x2  
  186  10:44  Command Center  
Show
View Real Time Build Order
Export as new Build Order

JohnMcClane Protoss - Winner!

Build Orders: 1 Gate Expand 

Get SALT Encoding   

  12  0:01  Probe (Chrono Boost)  
  13  0:12  Probe (Chrono Boost)  
  14  0:23  Pylon, Probe (Chrono Boost)  
  15  0:41  Gateway  
  15  0:46  Probe (Chrono Boost)  
  17  0:57  Probe (Chrono Boost)  
  17  1:12  Nexus  
  17  1:13  Probe (Chrono Boost)  
  18  1:23  Assimilator  
  18  1:24  Probe (Chrono Boost)  
  19  1:34  Cybernetics Core  
  19  1:39  Assimilator  
  19  1:50  Probe (Chrono Boost)  
  20  2:07  Pylon  
  20  2:17  Gateway, Warp Gate (Chrono Boost)  
  20  2:19  Gateway  
  20  2:29  Probe x2 (Chrono Boost)  
  22  2:33  Pylon  
  22  2:40  Mothership Core (Chrono Boost)  
  22  2:42  Probe (Chrono Boost)  
  25  2:56  Assimilator  
  25  3:00  Pylon  
  25  3:02  Assimilator  
  25  3:05  Probe (Chrono Boost)  
  26  3:07  Probe (Chrono Boost)  
  27  3:17  Probe  
  27  3:18  Stargate, Probe  
  29  3:23  Pylon  
  29  3:31  Probe x2  
  31  3:41  Probe  
  32  3:51  Probe  
  32  3:52  Probe  
  34  4:02  Probe  
  34  4:03  Probe  
  36  4:11  Phoenix (Chrono Boost)  
  36  4:13  Probe  
  36  4:16  Probe  
  36  4:17  Stargate  
  40  4:18  Stargate  
  40  4:23  Probe  
  40  4:28  Probe  
  42  4:34  Probe  
  43  4:40  Phoenix (Chrono Boost), Probe  
  43  4:44  Probe  
  46  4:52  Probe  
  48  4:55  Nexus  
  48  4:58  Pylon  
  48  5:03  Phoenix (Chrono Boost)  
  48  5:06  Probe  
  51  5:11  Pylon  
  51  5:14  Probe  
  54  5:22  Phoenix (Chrono Boost), Probe  
  54  5:25  Gateway  
  55  5:29  Phoenix (Chrono Boost)  
  57  5:39  Fleet Beacon  
  57  5:55  Phoenix (Chrono Boost)  
  57  5:56  Probe x2  
  64  5:58  Phoenix x2 (Chrono Boost)  
  65  6:07  Assimilator  
  65  6:12  Assimilator  
  65  6:16  Phoenix (Chrono Boost)  
  67  6:23  Phoenix (Chrono Boost)  
  69  6:45  Probe x2  
  69  6:46  Robotics Facility, Probe  
  72  6:47  Robotics Facility  
  72  6:55  Probe x2  
  72  6:58  Pylon, Probe  
  72  7:00  Phoenix (Chrono Boost)  
  79  7:03  Phoenix (Chrono Boost)  
  79  7:05  Sentry x3  
  81  8:01  Anion Pulse-Crystals  
  81  8:04  Immortal  
  81  8:05  Probe x2, Immortal  
  89  8:06  Probe  
  92  8:15  Phoenix (Chrono Boost), Probe x2  
  92  8:16  Forge x2  
  92  8:18  Phoenix (Chrono Boost), Probe  
  99  8:20  Pylon  
  99  8:23  Gateway  
  99  8:25  Gateway  
  99  8:26  Pylon  
  95  9:07  Zealot x4  
  97  9:21  Phoenix (Chrono Boost)  
  97  9:24  Phoenix x2 (Chrono Boost), Immortal x2  
  111  9:42  Phoenix (Chrono Boost)  
  111  9:43  Zealot  
  111  9:44  Zealot x3  
  121  9:49  Phoenix (Chrono Boost)  
  123  9:57  Nexus  
  123  9:58  Pylon  
  123  10:00  Assimilator  
  123  10:04  Assimilator  
  123  10:06  Pylon  
  123  10:11  Observer  
  123  10:13  Pylon  
  124  10:15  Pylon  
  124  10:16  Immortal  
  124  10:17  Pylon x2  
  124  10:19  Pylon  
Tags
 
Add a new tag
Caveats
  • Supply blocks, unpowered buildings, or Contaminate may cause inaccurate times.
  • Supply counts are checked every 10 seconds.